 Dungeon Crawl Stone Soup version 0.30.1-11-g7821555f0a (webtiles) character file.

Game seed: 14216720814257896125

7 SacredBeard the Vexing (level 1, 0/11 HPs)
             Began as a Deep Elf Hexslinger on Nov 2, 2023.
             Slain by a kobold
             ... wielding a +0 dagger
              (4 damage)
             ... on level 1 of the Dungeon.
             The game lasted 00:01:36 (111 turns).

SacredBeard the Vexing (Deep Elf Hexslinger)         Turns: 111, Time: 00:01:36

Health: 0/11       AC:  2    Str:  7    XL:     1   Next: 83%
Magic:  5/5        EV: 12    Int: 17    God:
Gold:   0          SH:  0    Dex: 15    Spells: 2/3 levels left

rFire   . . .        d - +0 dagger
rCold   . . .        (no shield)
rNeg    . . .        c - +0 robe
rPois   .            (no helmet)
rElec   .            e - scarf {+Inv}
rCorr   .            (no gloves)
SInv    .            (no boots)
Will    .....        (no amulet)
Stlth   +            (no ring)
HPRegen 0.21/turn    (no ring)
MPRegen 0.09/turn

%: no passive effects
@: no status effects
A: no striking features
a: Evoke Invisibility


You were on level 1 of the Dungeon.
You visited 1 branch of the dungeon, and saw 1 of its levels.

Inventory:

Hand Weapons
 a - a +1 sling
 d - a +0 dagger (weapon)
Armour
 c - a +0 robe (worn)
 e - a scarf of invisibility (worn)
Scrolls
 b - a scroll of poison
Potions
 f - a potion of lignification {unknown}
 g - a potion of invisibility {unknown}


   Skills:
 + Level 0.9 Fighting
 * Level 3.0 Ranged Weapons
 + Level 0.1 Armour
 + Level 2.5 Dodging
 + Level 1.7 Spellcasting
 + Level 4.1 Hexes


You had 2 spell levels left.
You knew the following spells:

 Your Spells              Type           Power      Damage    Failure   Level
a - Slow                  Hex            60%        N/A       3%          1

Your spell library contained the following spells:

 Spells                   Type           Power      Damage    Failure   Level
 Inner Flame              Hex/Fire       8%         N/A       26%         3
 Portal Projectile        Hex/Tloc       16%        N/A       26%         3
 Cause Fear               Hex            7%         N/A       36%         4


Dungeon Overview and Level Annotations

Branches:
Dungeon (1/15) Zot: 5886

Altars:


Message History

You finish putting on your scarf of invisibility.
You become transparent for a moment.
a - a +1 sling (weapon)
HP restored.
You see here a ball python corpse.
Found an escape hatch in the floor.
f - a fizzy pink potion
g - a green potion A goblin comes into view.
It is wielding a +0 dagger.
You shoot a sling bullet.
The sling bullet hits the goblin but does no damage.
The goblin shouts!
A kobold comes into view. It is wielding a +0 dagger.
A giant cockroach comes into view.
The kobold moves out of view.
You shoot a sling bullet.
The sling bullet hits the giant cockroach.
The giant cockroach is heavily wounded.
You shoot a sling bullet.
The sling bullet barely misses the goblin.
The kobold shouts!
The sling bullet hits the giant cockroach.
You kill the giant cockroach!
You shoot a sling bullet. The sling bullet hits the goblin.
The goblin is moderately wounded.
You shoot a sling bullet.
The sling bullet barely misses the goblin.
The goblin hits you with a +0 dagger.
d - a +0 dagger (weapon)
You hit the goblin.
The goblin is heavily wounded.
The goblin barely misses you.
You hit the goblin.
You kill the goblin!
Your Ranged Weapons skill increases to level 3!
You closely miss the kobold. The kobold hits you but does no damage.
You hit the kobold but do no damage. The kobold hits you with a +0 dagger.
You closely miss the kobold. The kobold hits you with a +0 dagger.
You miss the kobold. The kobold hits you with a +0 dagger.
You die...

....####...........
####................
#....>.............†
#.##..#.#...........
.....#..##.....[##..
#†.....###.##.#.....
....#####..#....## .
....# #.#..#######....
#########....##.@K......
###.............####..†.
....##########.## .
##### #.# #.# #.# ###


You could see a kobold.

Vanquished Creatures
  A ball python (D:1)
  A bat (D:1)
  A giant cockroach (D:1)
  A goblin (D:1)
  A frilled lizard (D:1)
  A rat (D:1)
6 creatures vanquished.

Notes
Turn   | Place    | Note
-------+----------+-------------------------------------------
     0 | D:1      | SacredBeard the Deep Elf Hexslinger began the quest for the
                  | Orb.
     0 | D:1      | Reached XP level 1. HP: 11/11 MP: 5/5
   111 | D:1      | Slain by a kobold

Illustrated notes

Levels and vault maps discovered:
D:1:      grunt_arrival_crossed_arrows, layout_rooms

Skill      XL: |  1 |
---------------+----+-----
Ranged Weapons | 3 |  3.0
Fighting       | |  0.9
Armour         | |  0.1
Dodging        | |  2.5
Spellcasting   | |  1.7
Hexes          | |  4.1

Action                     || total
---------------------------++-------
  Melee: Dagger            ||    12
   Fire: Sling             ||    11
 Armour: Robe              ||     6
  Dodge: Dodged            ||     8
